Workbook
Name CatalogueSKUs: 'Corporate Gifting Catalogue'!$C$2:$C$125

Sheet Order Form
A1: CORPORATE GIFT ORDER FORM
A2: Select an SKU from the catalogue; description, MOQ and corporate price fill automatically. Enter quantity to calculate totals.
A4: Order Number | C4: Order Date | D4: =TODAY() -> 46293
A5: Customer / Company | C5: PO Number
A6: Contact Person | C6: Staff / Salesperson
A7: Phone Number | C7: Email Address
A8: Billing Address | C8: Delivery Address
A10: Order Status | B10: Draft | C10: Required Date
A11: SKU Code | B11: Description | C11: Qty | D11: Unit Price | E11: Line Total
B12: =IF($A12="","",_xlfn.XLOOKUP($A12,CatalogueSKUs,'Corporate Gifting Catalogue'!$E$2:$E$125,"SKU not found")) | D12: =IF($A12="","",_xlfn.XLOOKUP($A12,CatalogueSKUs,'Corporate Gifting Catalogue'!$K$2:$K$125,"")) | E12: =IF(OR($A12="",$C12=""),"",$C12*$D12)
B13: =IF($A13="","",_xlfn.XLOOKUP($A13,CatalogueSKUs,'Corporate Gifting Catalogue'!$E$2:$E$125,"SKU not found")) | D13: =IF($A13="","",_xlfn.XLOOKUP($A13,CatalogueSKUs,'Corporate Gifting Catalogue'!$K$2:$K$125,"")) | E13: =IF(OR($A13="",$C13=""),"",$C13*$D13)
B14: =IF($A14="","",_xlfn.XLOOKUP($A14,CatalogueSKUs,'Corporate Gifting Catalogue'!$E$2:$E$125,"SKU not found")) | D14: =IF($A14="","",_xlfn.XLOOKUP($A14,CatalogueSKUs,'Corporate Gifting Catalogue'!$K$2:$K$125,"")) | E14: =IF(OR($A14="",$C14=""),"",$C14*$D14)
B15: =IF($A15="","",_xlfn.XLOOKUP($A15,CatalogueSKUs,'Corporate Gifting Catalogue'!$E$2:$E$125,"SKU not found")) | D15: =IF($A15="","",_xlfn.XLOOKUP($A15,CatalogueSKUs,'Corporate Gifting Catalogue'!$K$2:$K$125,"")) | E15: =IF(OR($A15="",$C15=""),"",$C15*$D15)
B16: =IF($A16="","",_xlfn.XLOOKUP($A16,CatalogueSKUs,'Corporate Gifting Catalogue'!$E$2:$E$125,"SKU not found")) | D16: =IF($A16="","",_xlfn.XLOOKUP($A16,CatalogueSKUs,'Corporate Gifting Catalogue'!$K$2:$K$125,"")) | E16: =IF(OR($A16="",$C16=""),"",$C16*$D16)
B17: =IF($A17="","",_xlfn.XLOOKUP($A17,CatalogueSKUs,'Corporate Gifting Catalogue'!$E$2:$E$125,"SKU not found")) | D17: =IF($A17="","",_xlfn.XLOOKUP($A17,CatalogueSKUs,'Corporate Gifting Catalogue'!$K$2:$K$125,"")) | E17: =IF(OR($A17="",$C17=""),"",$C17*$D17)
B18: =IF($A18="","",_xlfn.XLOOKUP($A18,CatalogueSKUs,'Corporate Gifting Catalogue'!$E$2:$E$125,"SKU not found")) | D18: =IF($A18="","",_xlfn.XLOOKUP($A18,CatalogueSKUs,'Corporate Gifting Catalogue'!$K$2:$K$125,"")) | E18: =IF(OR($A18="",$C18=""),"",$C18*$D18)
B19: =IF($A19="","",_xlfn.XLOOKUP($A19,CatalogueSKUs,'Corporate Gifting Catalogue'!$E$2:$E$125,"SKU not found")) | D19: =IF($A19="","",_xlfn.XLOOKUP($A19,CatalogueSKUs,'Corporate Gifting Catalogue'!$K$2:$K$125,"")) | E19: =IF(OR($A19="",$C19=""),"",$C19*$D19)
B20: =IF($A20="","",_xlfn.XLOOKUP($A20,CatalogueSKUs,'Corporate Gifting Catalogue'!$E$2:$E$125,"SKU not found")) | D20: =IF($A20="","",_xlfn.XLOOKUP($A20,CatalogueSKUs,'Corporate Gifting Catalogue'!$K$2:$K$125,"")) | E20: =IF(OR($A20="",$C20=""),"",$C20*$D20)
B21: =IF($A21="","",_xlfn.XLOOKUP($A21,CatalogueSKUs,'Corporate Gifting Catalogue'!$E$2:$E$125,"SKU not found")) | D21: =IF($A21="","",_xlfn.XLOOKUP($A21,CatalogueSKUs,'Corporate Gifting Catalogue'!$K$2:$K$125,"")) | E21: =IF(OR($A21="",$C21=""),"",$C21*$D21)
B22: =IF($A22="","",_xlfn.XLOOKUP($A22,CatalogueSKUs,'Corporate Gifting Catalogue'!$E$2:$E$125,"SKU not found")) | D22: =IF($A22="","",_xlfn.XLOOKUP($A22,CatalogueSKUs,'Corporate Gifting Catalogue'!$K$2:$K$125,"")) | E22: =IF(OR($A22="",$C22=""),"",$C22*$D22)
B23: =IF($A23="","",_xlfn.XLOOKUP($A23,CatalogueSKUs,'Corporate Gifting Catalogue'!$E$2:$E$125,"SKU not found")) | D23: =IF($A23="","",_xlfn.XLOOKUP($A23,CatalogueSKUs,'Corporate Gifting Catalogue'!$K$2:$K$125,"")) | E23: =IF(OR($A23="",$C23=""),"",$C23*$D23)
... B31: =IF($A31="","",_xlfn.XLOOKUP($A31,CatalogueSKUs,'Corporate Gifting Catalogue'!$E$2:$E$125,"SKU not found")) | D31: =IF($A31="","",_xlfn.XLOOKUP($A31,CatalogueSKUs,'Corporate Gifting Catalogue'!$K$2:$K$125,"")) | E31: =IF(OR($A31="",$C31=""),"",$C31*$D31)
A33: SPECIAL INSTRUCTIONS / GIFT MESSAGE / DELIVERY NOTES | D33: Subtotal | E33: =SUM(E12:E31) -> 0
D34: Discount | E34: 0
D35: Tax Rate | E35: 0
D36: Tax Amount | E36: =MAX(0,(E33-E34)*E35) -> 0
D37: Delivery Fee | E37: 0
D38: GRAND TOTAL | E38: =MAX(0,E33-E34+E36+E37) -> 0
A40: ORDER TERMS
A41: Prices are based on the Corporate Gifting Catalogue and remain subject to stock availability. Lead times start after written order confirmation and any required payment or artwork approval. Please confirm delivery details and special packaging or gift-message requirements before submission.
A45: Customer Name | C45: Staff Name | E45: Approval Date

Sheet Corporate Gifting Catalogue
A1: Brand | B1: MALE/FEMALE | C1: SKU Code | D1: Barcode | E1: Product Name | F1: Pack Size | G1: Category | H1: MOQ (Minimum Order Quantity) | I1: RSP | J1: Corporate Price | K1: Corporate Price- ROUNDED UP | L1: Saving | M1: Lead Time (Days) | N1: Stock Availability | O1: Comments
A2: NARCISO RODRIGUEZ | B2: FEMALE | C2: NR0125 | D2: 3423470890129 | E2: FOR HER 100ML EDP SPRAY | F2: 100ML | G2: Fragrance | H2: 20 | I2: 3440 | J2: 1794.78 | K2: =CEILING(J2,10) -> 1800 | L2: =I2-K2 -> 1640 | M2: =J2-L2 -> 154.78 | N2: WHILE STOCK LAST
A3: NARCISO RODRIGUEZ | B3: FEMALE | C3: NR0135 | D3: 3423470890136 | E3: FOR HER 50ML EDP SPRAY | F3: 50ML | G3: Fragrance | H3: 20 | I3: 2570 | J3: 1340.8696 | K3: =CEILING(J3,10) -> 1350 | L3: =I3-J3 -> 1229.1304 | M3: 7 | N3: WHILE STOCK LAST
A4: NARCISO RODRIGUEZ | B4: FEMALE | C4: NR0150 | D4: 3423470890013 | E4: FOR HER EDT 50ML SPRAY | F4: 50ML | G4: Fragrance | H4: 20 | I4: 2150 | J4: 1121.7391 | K4: =CEILING(J4,10) -> 1130 | L4: =I4-J4 -> 1028.2609 | M4: 7 | N4: WHILE STOCK LAST
A5: NARCISO RODRIGUEZ | B5: FEMALE | C5: NR0250 | D5: 3423470890020 | E5: FOR HER EDT 100ML SPRAY | F5: 100ML | G5: Fragrance | H5: 20 | I5: 2930 | J5: 1528.6957 | K5: =CEILING(J5,10) -> 1530 | L5: =I5-J5 -> 1401.3043 | M5: 7 | N5: WHILE STOCK LAST
A6: NARCISO RODRIGUEZ | B6: FEMALE | C6: NR0352 | D6: 3423478840355 | E6: NARCISO EDP POUDREE 30ML | F6: 30ML | G6: Fragrance | H6: 20 | I6: 1770 | J6: 923.48 | K6: =CEILING(J6,10) -> 930 | L6: =I6-J6 -> 846.52 | M6: 7 | N6: WHILE STOCK LAST
A7: NARCISO RODRIGUEZ | B7: FEMALE | C7: NR0454 | D7: 3423478840454 | E7: NARCISO EDP POUDREE 50ML | F7: 50ML | G7: Fragrance | H7: 20 | I7: 2590 | J7: 1351.3 | K7: =CEILING(J7,10) -> 1360 | L7: =I7-J7 -> 1238.7 | M7: 7 | N7: WHILE STOCK LAST
A8: NARCISO RODRIGUEZ | B8: FEMALE | C8: NR0652 | D8: 3423478840652 | E8: NARCISO EDP POUDREE 90ML | F8: 90ML | G8: Fragrance | H8: 20 | I8: 3280 | J8: 1711.3043 | K8: =CEILING(J8,10) -> 1720 | L8: =I8-J8 -> 1568.6957 | M8: 7 | N8: WHILE STOCK LAST
A9: NARCISO RODRIGUEZ | B9: MALE | C9: NR5958 | D9: 3423478805958 | E9: FOR HIM BLEU NOIR 50ML | F9: 50ML | G9: Fragrance | H9: 20 | I9: 1890 | J9: 986.09 | K9: =CEILING(J9,10) -> 990 | L9: =I9-J9 -> 903.91 | M9: 7 | N9: WHILE STOCK LAST
A10: NARCISO RODRIGUEZ | B10: MALE | C10: NR6054 | D10: 3423478806054 | E10: FOR HIM BLEU NOIR 100ML | F10: 100ML | G10: Fragrance | H10: 20 | I10: 2610 | J10: 1361.74 | K10: =CEILING(J10,10) -> 1370 | L10: =I10-J10 -> 1248.26 | M10: 7 | N10: WHILE STOCK LAST
A11: NARCISO RODRIGUEZ | B11: MALE | C11: NR7655 | D11: 3423478807655 | E11: FOR HIM NOIR EDP 100ML | F11: 100ML | G11: Fragrance | H11: 20 | I11: 2860 | J11: 1492.1739 | K11: =CEILING(J11,10) -> 1500 | L11: =I11-J11 -> 1367.8261 | M11: 7 | N11: WHILE STOCK LAST
A12: ZADIG & VOLTAIRE | B12: FEMALE | C12: ZV1757 | D12: 3423474891757 | E12: ZADIG THIS IS HER! EDP 50ML | F12: 50ML | G12: Fragrance | H12: 20 | I12: 2030 | J12: 1059.13 | K12: =CEILING(J12,10) -> 1060 | L12: =I12-J12 -> 970.87 | M12: 7 | N12: WHILE STOCK LAST
A13: ZADIG & VOLTAIRE | B13: FEMALE | C13: ZV1856 | D13: 3423474891856 | E13: ZADIG THIS IS HER! EDP 100ML | F13: 100ML | G13: Fragrance | H13: 20 | I13: 2720 | J13: 1419.13 | K13: =CEILING(J13,10) -> 1420 | L13: =I13-J13 -> 1300.87 | M13: 7 | N13: WHILE STOCK LAST
A14: ZADIG & VOLTAIRE | B14: FEMALE | C14: ZV38318 | D14: 3423222138318 | E14: ZADIG EDP 50 ML+BODY LOTION EDP 50ML | F14: 50ML | G14: Fragrance | H14: 10 | I14: 2160 | J14: 1126.96 | K14: =CEILING(J14,10) -> 1130 | L14: =I14-J14 -> 1033.04 | M14: 7 | N14: WHILE STOCK LAST
... A21: ZADIG & VOLTAIRE | B21: MALE | C21: ZV06706 | D21: 3423222106706 | E21: ZADIG THIS IS REALLY HIM EDT 100ML | F21: 100ML | G21: Fragrance | H21: 20 | I21: 2020 | J21: 1053.91 | K21: =CEILING(J21,10) -> 1060 | L21: =I21-J21 -> 966.09 | M21: 7 | N21: WHILE STOCK LAST
A22: ISSEY MIYAKE | B22: MALE | C22: IM1135 | D22: 3423470311358 | E22: ISSEY MIYAKE L'EAU D'ISSEY POUR HOMME EDT 75ML M | F22: 75ML | G22: Fragrance | H22: 20 | I22: 1910 | J22: 996.52174 | K22: =CEILING(J22,10) -> 1000 | L22: =I22-J22 -> 913.47826 | M22: 7 | N22: WHILE STOCK LAST
A23: ISSEY MIYAKE | B23: MALE | C23: IM1136 | D23: 3423470311365 | E23: ISSEY MIYAKE L'EAU D'ISSEY POUR HOMME EDT 125ML M | F23: 125ML | G23: Fragrance | H23: 20 | I23: 2510 | J23: 1309.5652 | K23: =CEILING(J23,10) -> 1310 | L23: =I23-J23 -> 1200.4348 | M23: 7 | N23: WHILE STOCK LAST
A24: ISSEY MIYAKE | B24: FEMALE | C24: IM3015 | D24: 3423470300154 | E24: ISSEY MIYAKE L'EAU D'ISSEY EDT 50ML F | F24: 50ML | G24: Fragrance | H24: 20 | I24: 1940 | J24: 1012.1739 | K24: =CEILING(J24,10) -> 1020 | L24: =I24-J24 -> 927.82609 | M24: 7 | N24: WHILE STOCK LAST
A25: ISSEY MIYAKE | B25: FEMALE | C25: IM3016 | D25: 3423470300161 | E25: ISSEY MIYAKE L'EAU D'ISSEY EDT 100ML F | F25: 100ML | G25: Fragrance | H25: 20 | I25: 2700 | J25: 1408.6957 | K25: =CEILING(J25,10) -> 1410 | L25: =I25-J25 -> 1291.3043 | M25: 7 | N25: WHILE STOCK LAST
A26: ISSEY MIYAKE | B26: FEMALE | C26: IM32002 | D26: 3423222132002 | E26: ISSEY MIYAKE LUMIERE D'ISSEY EDP 30ML F | F26: 30ML | G26: Fragrance | H26: 20 | I26: 1750 | J26: 913.04348 | K26: =CEILING(J26,10) -> 920 | L26: =I26-J26 -> 836.95652 | M26: 7 | N26: WHILE STOCK LAST
A27: ISSEY MIYAKE | B27: FEMALE | C27: IM32019 | D27: 3423222132019 | E27: ISSEY MIYAKE LUMIERE D'ISSEY EDP 50ML F | F27: 50ML | G27: Fragrance | H27: 20 | I27: 2500 | J27: 1304.3478 | K27: =CEILING(J27,10) -> 1310 | L27: =I27-J27 -> 1195.6522 | M27: 7 | N27: WHILE STOCK LAST
A28: ISSEY MIYAKE | B28: FEMALE | C28: IM32033 | D28: 3423222132033 | E28: ISSEY MIYAKE LUMIERE D'ISSEY EDP 100ML F | F28: 100 ML | G28: Fragrance | H28: 20 | I28: 3380 | J28: 1763.4783 | K28: =CEILING(J28,10) -> 1770 | L28: =I28-J28 -> 1616.5217 | M28: 7 | N28: WHILE STOCK LAST
A29: ISSEY MIYAKE | B29: MALE | C29: IM19461 | D29: 3423222119461 | E29: ISSEY MIYAKE LE SEL EDP 50ML M | F29: 50ML | G29: Fragrance | H29: 20 | I29: 2090 | J29: 1090.4348 | K29: =CEILING(J29,10) -> 1100 | L29: =I29-J29 -> 999.56522 | M29: 7 | N29: WHILE STOCK LAST
A30: ISSEY MIYAKE | B30: MALE | C30: IM19485 | D30: 3423222119485 | E30: ISSEY MIYAKE LE SEL EDP 100ML M | F30: 100ML | G30: Fragrance | H30: 20 | I30: 2850 | J30: 1486.9565 | K30: =CEILING(J30,10) -> 1490 | L30: =I30-J30 -> 1363.0435 | M30: 7 | N30: WHILE STOCK LAST
A31: HERMES | B31: FEMALE | C31: EM302V0 | D31: 3346130018926 | E31: HERMES BARÉNIA EDPI 100ML | F31: 100ML | G31: Fragrance | H31: 10 | I31: 3515 | J31: 1833.91 | K31: =CEILING(J31,10) -> 1840 | L31: =I31-J31 -> 1681.09 | M31: 7 | N31: WHILE STOCK LAST
A32: HERMES | B32: FEMALE | C32: EM303V0 | D32: 3346130018933 | E32: HERMES BARÉNIA EDPI 60ML | F32: 60ML | G32: Fragrance | H32: 10 | I32: 2595 | J32: 1353.91 | K32: =CEILING(J32,10) -> 1360 | L32: =I32-J32 -> 1241.09 | M32: 7 | N32: WHILE STOCK LAST
A33: HERMES | B33: FEMALE | C33: EM304V0 | D33: 3346130018940 | E33: HERMES BARÉNIA EDPI 30ML | F33: 30ML | G33: Fragrance | H33: 10 | I33: 1805 | J33: 941.74 | K33: =CEILING(J33,10) -> 950 | L33: =I33-J33 -> 863.26 | M33: 7 | N33: WHILE STOCK LAST
A34: HERMES | B34: FEMALE | C34: EM026075 | D34: 3346130026075 | E34: HERMES BARÉNIA EDP 100ML+15ML+25G SET | F34: 100ML + 15ML + 25G | G34: Fragrance | H34: 10 | I34: 3355 | J34: 1750.43 | K34: =CEILING(J34,10) -> 1760 | L34: =I34-J34 -> 1604.57 | M34: 7 | N34: WHILE STOCK LAST
... A42: HERMES | B42: MALE | C42: EM022909 | D42: 3346130022909 | E42: HERMES TERRE D’HERMÈS PURE PARFUM SET 75ML +15ML + SG 40ML EDP | F42: 75ML + 15ML + 40ML | G42: Fragrance | H42: 10 | I42: 3250 | J42: 1695.65 | K42: =CEILING(J42,10) -> 1700 | L42: =I42-J42 -> 1554.35 | M42: 7 | N42: WHILE STOCK LAST
A43: COACH | B43: FEMALE | C43: CC023A01 | D43: 3386460156707 | E43: COACH GOLD 90ML PARFUM | F43: 90ml | G43: Fragrance | H43: 15 | I43: 2355 | J43: =I43/1.15*0.6 -> 1228.6957 | K43: =CEILING(J43,10) -> 1230 | L43: =SUM(I43-J43) -> 1126.3043 | M43: 7 | N43: WHILE STOCK LAST
A44: COACH | B44: FEMALE | C44: CC023A02 | D44: 3386460157308 | E44: COACH GOLD 50ML PARFUM | F44: 50ml | G44: Fragrance | H44: 15 | I44: 1845 | J44: =I44/1.15*0.6 -> 962.6087 | K44: =CEILING(J44,10) -> 970 | L44: =SUM(I44-J44) -> 882.3913 | M44: 7 | N44: WHILE STOCK LAST
A45: COACH | B45: FEMALE | C45: CC023A03 | D45: 3386460157315 | E45: COACH GOLD 30ML PARFUM | F45: 30ml | G45: Fragrance | H45: 15 | I45: 1230 | J45: =I45/1.15*0.6 -> 641.73913 | K45: =CEILING(J45,10) -> 650 | L45: =SUM(I45-J45) -> 588.26087 | M45: 7 | N45: WHILE STOCK LAST
A46: COACH | B46: MALE | C46: CC025A01 | D46: 3386460171083 | E46: COACH PURE PLATINUM 100ML PARFUM | F46: 100ml | G46: Fragrance | H46: 15 | I46: 2365 | J46: =I46/1.15*0.6 -> 1233.913 | K46: =CEILING(J46,10) -> 1240 | L46: =SUM(I46-J46) -> 1131.087 | M46: 7 | N46: WHILE STOCK LAST
A47: COACH | B47: MALE | C47: CC025A02 | D47: 3386460171090 | E47: COACH PURE PLATINUM 60ML PARFUM | F47: 60ml | G47: Fragrance | H47: 15 | I47: 1735 | J47: =I47/1.15*0.6 -> 905.21739 | K47: =CEILING(J47,10) -> 910 | L47: =SUM(I47-J47) -> 829.78261 | M47: 7 | N47: WHILE STOCK LAST
A48: ELIE SAAB | B48: FEMALE | C48: ES42879 | D48: 7640233342879 | E48: ELIE SAAB LE PARFUM EDP 30ML | G48: Fragrance | H48: 20 | I48: 1505 | J48: 785.22 | K48: =CEILING(J48,10) -> 790 | L48: =I48-J48 -> 719.78 | M48: 7 | N48: WHILE STOCK LAST
A49: ELIE SAAB | B49: FEMALE | C49: ES42886 | D49: 7640233342886 | E49: ELIE SAAB LE PARFUM EDP 50ML | G49: Fragrance | H49: 20 | I49: 2365 | J49: 1233.91 | K49: =CEILING(J49,10) -> 1240 | L49: =I49-J49 -> 1131.09 | M49: 7 | N49: WHILE STOCK LAST
A50: ELIE SAAB | B50: FEMALE | C50: ES42893 | D50: 7640233342893 | E50: ELIE SAAB LE PARFUM EDP 90ML | G50: Fragrance | H50: 20 | I50: 3055 | J50: 1593.91 | K50: =CEILING(J50,10) -> 1600 | L50: =I50-J50 -> 1461.09 | M50: 7 | N50: WHILE STOCK LAST
A51: ELIE SAAB | B51: FEMALE | C51: ES40103 | D51: 7640233340103 | E51: ELIE SAAB LE PARFUM IN WHITE EDP 30ML | G51: Fragrance | H51: 20 | I51: 1505 | J51: 785.22 | K51: =CEILING(J51,10) -> 790 | L51: =I51-J51 -> 719.78 | M51: 7 | N51: WHILE STOCK LAST
A52: ELIE SAAB | B52: FEMALE | C52: ES40110 | D52: 7640233340110 | E52: ELIE SAAB LE PARFUM IN WHITE EDP 50ML | G52: Fragrance | H52: 20 | I52: 2365 | J52: 1233.91 | K52: =CEILING(J52,10) -> 1240 | L52: =I52-J52 -> 1131.09 | M52: 7 | N52: WHILE STOCK LAST
A53: ELIE SAAB | B53: FEMALE | C53: ES40127 | D53: 7640233340127 | E53: ELIE SAAB LE PARFUM IN WHITE EDP 90ML | G53: Fragrance | H53: 20 | I53: 3055 | J53: 1593.91 | K53: =CEILING(J53,10) -> 1600 | L53: =I53-J53 -> 1461.09 | M53: 7 | N53: WHILE STOCK LAST
A54: ELIE SAAB | B54: MALE | C54: ES42558 | D54: 7640233342558 | E54: ELIE SAAB L'HOMME EDP 50ML | G54: Fragrance | H54: 20 | I54: 1825 | J54: 952.17 | K54: =CEILING(J54,10) -> 960 | L54: =I54-J54 -> 872.83 | M54: 7 | N54: WHILE STOCK LAST
A55: ELIE SAAB | B55: MALE | C55: ES42565 | D55: 7640233342565 | E55: ELIE SAAB L'HOMME EDP 100ML | G55: Fragrance | H55: 20 | I55: 2685 | J55: 1400.87 | K55: =CEILING(J55,10) -> 1410 | L55: =I55-J55 -> 1284.13 | M55: 7 | N55: WHILE STOCK LAST
A56: ELIE SAAB | B56: MALE | C56: ES40622 | D56: 7640233340622 | E56: ELIE SAAB L'HOMME EDP INTENSE 50ML | G56: Fragrance | H56: 20 | I56: 1995 | J56: 1040.87 | K56: =CEILING(J56,10) -> 1050 | L56: =I56-J56 -> 954.13 | M56: 7 | N56: WHILE STOCK LAST
A57: ELIE SAAB | B57: MALE | C57: ES40691 | D57: 7640233340691 | E57: ELIE SAAB L'HOMME EDP INTENSE 100ML | G57: Fragrance | H57: 20 | I57: 2945 | J57: 1536.52 | K57: =CEILING(J57,10) -> 1540 | L57: =I57-J57 -> 1408.48 | M57: 7 | N57: WHILE STOCK LAST
A58: PHILIPP PLEIN | B58: MALE | C58: PH140848 | D58: 7640365140848 | E58: PHILIPP PLEIN NO LIMIT$ GOLD EDP 50ML | G58: Fragrance | H58: 20 | I58: 1785 | J58: 931.3 | K58: =CEILING(J58,10) -> 940 | L58: =I58-J58 -> 853.7 | M58: 7 | N58: WHILE STOCK LAST
A59: PHILIPP PLEIN | B59: MALE | C59: PH140855 | D59: 7640365140855 | E59: PHILIPP PLEIN NO LIMIT$ GOLD EDP 90ML | G59: Fragrance | H59: 20 | I59: 2260 | J59: 1179.13 | K59: =CEILING(J59,10) -> 1180 | L59: =I59-J59 -> 1080.87 | M59: 7 | N59: WHILE STOCK LAST
... A75: CHOPARD | B75: FEMALE | C75: CP360595 | D75: 7640177360595 | E75: CHOPARD LADIES - SPARKLING LOVE EDP 100ML | G75: Fragrance | H75: 10 | I75: 2880 | J75: 1502.6087 | K75: =CEILING(J75,10) -> 1510 | L75: =I75-J75 -> 1377.3913 | M75: 7 | N75: WHILE STOCK LAST
A76: NESTI DANTE | B76: N/A | C76: NE2700 | D76: 837524001363 | E76: ROMANTICA FLORENTINE ROSE & PEONY 250GM BAR SOAP | F76: 6 | G76: Bath & Body | H76: 6 | I76: 89.95 | J76: 46.930435 | K76: =CEILING(J76,10) -> 50 | L76: =I76-J76 -> 43.019565 | M76: 7 | N76: WHILE STOCK LAST
A77: NESTI DANTE | B77: N/A | C77: NE4604 | D77: 837524000168 | E77: DEI COLLI FIORENTINI TUSCAN LAVENDER 250GM BAR SOAP | F77: 6 | G77: Bath & Body | H77: 6 | I77: 89.95 | J77: 46.930435 | K77: =CEILING(J77,10) -> 50 | L77: =I77-J77 -> 43.019565 | M77: 7 | N77: WHILE STOCK LAST
A78: NESTI DANTE | B78: N/A | C78: NE5302 | D78: 837524000021 | E78: IL FRUTTETO CITRON & BERGAMOT 250GM BAR SOAP | F78: 6 | G78: Bath & Body | H78: 6 | I78: 89.95 | J78: 46.930435 | K78: =CEILING(J78,10) -> 50 | L78: =I78-J78 -> 43.019565 | M78: 7 | N78: WHILE STOCK LAST
A79: NESTI DANTE | B79: N/A | C79: NE5305 | D79: 837524000069 | E79: IL FRUTTETO PEACH & MELON 250GM BAR SOAP | F79: 6 | G79: Bath & Body | H79: 6 | I79: 89.95 | J79: 46.930435 | K79: =CEILING(J79,10) -> 50 | L79: =I79-J79 -> 43.019565 | M79: 7 | N79: WHILE STOCK LAST
A80: NESTI DANTE | B80: N/A | C80: NE5301 | D80: 837524000014 | E80: IL FRUTTETO FIG & ALMOND MILK 250GM BAR SOAP | F80: 6 | G80: Bath & Body | H80: 6 | I80: 89.95 | J80: 46.930435 | K80: =CEILING(J80,10) -> 50 | L80: =I80-J80 -> 43.019565 | M80: 7 | N80: WHILE STOCK LAST
A81: NESTI DANTE | B81: N/A | C81: NE1780 | D81: 837524002346 | E81: LUXURY PLATINUM 250G BAR SOAP | F81: 6 | G81: Bath & Body | H81: 6 | I81: 89.95 | J81: 46.930435 | K81: =CEILING(J81,10) -> 50 | L81: =I81-J81 -> 43.019565 | M81: 7 | N81: WHILE STOCK LAST
A82: NESTI DANTE | B82: N/A | C82: NE5410 | D82: 837524002698 | E82: LUXURY PLATINUM LIQUID SOAP 500ML HAND WASH | F82: 6 | G82: Bath & Body | H82: 6 | I82: 195 | J82: =+I82*0.6/1.15 -> 101.73913 | K82: =CEILING(J82,10) -> 110 | L82: =I82-J82 -> 93.26087 | M82: 7 | N82: WHILE STOCK LAST
A83: NESTI DANTE | B83: N/A | C83: NE7910 | D83: 837524002667 | E83: LUXURY BLACK SOAP 250GM BAR SOAP | F83: 6 | G83: Bath & Body | H83: 6 | I83: 89.95 | J83: 46.930435 | K83: =CEILING(J83,10) -> 50 | L83: =I83-J83 -> 43.019565 | M83: 7 | N83: WHILE STOCK LAST
A84: NESTI DANTE | B84: N/A | C84: NE5058 | D84: 837524003824 | E84: LUXURY BLACK LIQUID SOAP 500ML HAND WASH | F84: 6 | G84: Bath & Body | H84: 6 | I84: 195 | J84: =+I84*0.6/1.15 -> 101.73913 | K84: =CEILING(J84,10) -> 110 | L84: =I84-J84 -> 93.26087 | M84: 7 | N84: WHILE STOCK LAST
A85: BVLGARI | B85: FEMALE | C85: BU25479 | D85: 783320425479 | E85: BULGARI OMNIA CRYSTALLINE EDT 100ML | F85: 100ML | G85: Fragrance | H85: 20 | I85: 3310 | J85: 1726.96 | K85: =CEILING(J85,10) -> 1730 | L85: =I85-J85 -> 1583.04 | M85: 7 | N85: WHILE STOCK LAST
A86: BVLGARI | B86: FEMALE | C86: BU25509 | D86: 783320425509 | E86: BULGARI OMNIA CRYSTALLINE EDT 50ML | F86: 50ML | G86: Fragrance | H86: 20 | I86: 2310 | J86: 1205.22 | K86: =CEILING(J86,10) -> 1210 | L86: =I86-J86 -> 1104.78 | M86: 7 | N86: WHILE STOCK LAST
A87: BVLGARI | B87: FEMALE | C87: BU25561 | D87: 783320425561 | E87: BULGARI ROSE GOLDEA BLOSSOM DELIGHT EDP 50ML | F87: 50ML | G87: Fragrance | H87: 20 | I87: 2805 | J87: 1463.48 | K87: =CEILING(J87,10) -> 1470 | L87: =I87-J87 -> 1341.52 | M87: 7 | N87: WHILE STOCK LAST
A88: BVLGARI | B88: FEMALE | C88: BU25554 | D88: 783320425554 | E88: BULGARI ROSE GOLDEA BLOSSOM DELIGHT EDP 75ML | F88: 75ML | G88: Fragrance | H88: 20 | I88: 3220 | J88: 1680 | K88: =CEILING(J88,10) -> 1680 | L88: =I88-J88 -> 1540 | M88: 7 | N88: WHILE STOCK LAST
A89: BVLGARI | B89: FEMALE | C89: BU25578 | D89: 783320425578 | E89: BULGARI ROSE GOLDEA BLOSSOM DELIGHT EDP 30ML | F89: 30ML | G89: Fragrance | H89: 20 | I89: 1935 | J89: 1009.57 | K89: =CEILING(J89,10) -> 1010 | L89: =I89-J89 -> 925.43 | M89: 7 | N89: WHILE STOCK LAST
A90: BVLGARI | B90: MALE | C90: BU23796 | D90: 783320423796 | E90: BULGARI MAN IN BLACK EDP 100ML | F90: 100ML | G90: Fragrance | H90: 20 | I90: 3090 | J90: 1612.17 | K90: =CEILING(J90,10) -> 1620 | L90: =I90-J90 -> 1477.83 | M90: 7 | N90: WHILE STOCK LAST
A91: BVLGARI | B91: MALE | C91: BU23802 | D91: 783320423802 | E91: BULGARI MAN IN BLACK EDP 150ML | F91: 150ML | G91: Fragrance | H91: 20 | I91: 3570 | J91: 1862.61 | K91: =CEILING(J91,10) -> 1870 | L91: =I91-J91 -> 1707.39 | M91: 7 | N91: WHILE STOCK LAST
A92: BVLGARI | B92: MALE | C92: BU23789 | D92: 783320423789 | E92: BULGARI MAN IN BLACK EDP 60ML | F92: 60ML | G92: Fragrance | H92: 20 | I92: 2220 | J92: 1158.26 | K92: =CEILING(J92,10) -> 1160 | L92: =I92-J92 -> 1061.74 | M92: 7 | N92: WHILE STOCK LAST
A93: BVLGARI | B93: MALE | C93: BU23734 | D93: 783320423734 | E93: BULGARI MAN WOOD ESSENCE EDP 100ML | F93: 100ML | G93: Fragrance | H93: 20 | I93: 3090 | J93: 1612.17 | K93: =CEILING(J93,10) -> 1620 | L93: =I93-J93 -> 1477.83 | M93: 7 | N93: WHILE STOCK LAST
A94: BVLGARI | B94: MALE | C94: BU23727 | D94: 783320423727 | E94: BULGARI MAN WOOD ESSENCE EDP 60ML | F94: 60ML | G94: Fragrance | H94: 20 | I94: 2220 | J94: 1158.26 | K94: =CEILING(J94,10) -> 1160 | L94: =I94-J94 -> 1061.74 | M94: 7 | N94: WHILE STOCK LAST
A95: BVLGARI | B95: MALE | C95: BU23741 | D95: 783320423741 | E95: BULGARI MAN WOOD ESSENCE EDP 150ML | F95: 150ML | G95: Fragrance | H95: 20 | I95: 3570 | J95: 1862.61 | K95: =CEILING(J95,10) -> 1870 | L95: =I95-J95 -> 1707.39 | M95: 7 | N95: WHILE STOCK LAST
A96: Dolce&Gabbana | B96: FEMALE | C96: DG88192 | D96: 8057971188192 | E96: Dolce&Gabbana Light Blue EDT 100ml | F96: 100ml | G96: Fragrance | H96: 20 | I96: 3460 | J96: 1805.22 | K96: =CEILING(J96,10) -> 1810 | L96: =SUM(I96-J96) -> 1654.78 | M96: 7 | N96: WHILE STOCK LAST
A97: Dolce&Gabbana | B97: FEMALE | C97: DG88185 | D97: 8057971188185 | E97: Dolce&Gabbana Light Blue EDT 50ml | F97: 50ml | G97: Fragrance | H97: 20 | I97: 2575 | J97: 1343.48 | K97: =CEILING(J97,10) -> 1350 | L97: =SUM(I97-J97) -> 1231.52 | M97: 7 | N97: WHILE STOCK LAST
A98: Dolce&Gabbana | B98: FEMALE | C98: DG88109 | D98: 8057971188109 | E98: Dolce&Gabbana Light Blue Pour Homme EDT 50ml | F98: 50ml | G98: Fragrance | H98: 20 | I98: 2140 | J98: 1116.52 | K98: =CEILING(J98,10) -> 1120 | L98: =SUM(I98-J98) -> 1023.48 | M98: 7 | N98: WHILE STOCK LAST
A99: Dolce&Gabbana | B99: FEMALE | C99: DG88116 | D99: 8057971188116 | E99: Dolce&Gabbana Light Blue Pour Homme EDT 100ml | F99: 100ml | G99: Fragrance | H99: 20 | I99: 2855 | J99: 1489.57 | K99: =CEILING(J99,10) -> 1490 | L99: =SUM(I99-J99) -> 1365.43 | M99: 7 | N99: WHILE STOCK LAST
A100: Dolce&Gabbana | B100: FEMALE | C100: DG25941 | D100: 8056669925941 | E100: Dolce&Gabbana The One EDPI 75ml | F100: 75ml | G100: Fragrance | H100: 20 | I100: 4090 | J100: 2133.91 | K100: =CEILING(J100,10) -> 2140 | L100: =SUM(I100-J100) -> 1956.09 | M100: 7 | N100: WHILE STOCK LAST
A101: Dolce&Gabbana | B101: FEMALE | C101: DG25934 | D101: 8056669925934 | E101: Dolce&Gabbana The One EDPI 50ml | F101: 50ml | G101: Fragrance | H101: 20 | I101: 3225 | J101: 1682.61 | K101: =CEILING(J101,10) -> 1690 | L101: =SUM(I101-J101) -> 1542.39 | M101: 7 | N101: WHILE STOCK LAST
A102: Dolce&Gabbana | B102: MALE | C102: DG25903 | D102: 8056669925903 | E102: Dolce&Gabbana The One Pour Homme Parfum 50ml | F102: 50ml | G102: Fragrance | H102: 20 | I102: 2705 | J102: 1411.3 | K102: =CEILING(J102,10) -> 1420 | L102: =SUM(I102-J102) -> 1293.7 | M102: 7 | N102: WHILE STOCK LAST
A103: Dolce&Gabbana | B103: MALE | C103: DG25897 | D103: 8056669925897 | E103: Dolce&Gabbana The One Pour Homme Parfum 100ml | F103: 100ml | G103: Fragrance | H103: 20 | I103: 3700 | J103: 1930.43 | K103: =CEILING(J103,10) -> 1940 | L103: =SUM(I103-J103) -> 1769.57 | M103: 7 | N103: WHILE STOCK LAST
A104: Dolce&Gabbana | B104: MALE | C104: DG81544 | D104: 8057971181544 | E104: K by Dolce&Gabbana EDT 100ml | F104: 100ml | G104: Fragrance | H104: 20 | I104: 2900 | J104: 1513.04 | K104: =CEILING(J104,10) -> 1520 | L104: =SUM(I104-J104) -> 1386.96 | M104: 7 | N104: WHILE STOCK LAST
A105: Dolce&Gabbana | B105: FEMALE | C105: DG83739 | D105: 8057971183739 | E105: Dolce&Gabbana Devotion EDP 100ml | F105: 100ml | G105: Fragrance | H105: 20 | I105: 3810 | J105: 1987.83 | K105: =CEILING(J105,10) -> 1990 | L105: =SUM(I105-J105) -> 1822.17 | M105: 7 | N105: WHILE STOCK LAST
A106: NARS | B106: N/A | C106: NRS59546 | D106: 194251159546 | E106: NARS The Multiple Mini Blush & Sculpt Duo - Dolce Vita/ Laguna | F106: 3.5g (x2) | G106: Makeup | I106: 950 | K106: 520 | L106: =I106-K106 -> 430 | N106: WHILE STOCK LAST
A107: NARS | B107: N/A | C107: NRS59553 | D107: 194251159553 | E107: NARS The Multiple Mini Blush & Sculpt Duo - Fling/ Palm Cove | F107: 3.5g (x2) | G107: Makeup | I107: 950 | K107: 520 | L107: =I107-K107 -> 430 | N107: WHILE STOCK LAST
A108: NARS | B108: N/A | C108: NRS60849 | D108: 194251160849 | E108: NARS LINE & SHINE LIP DUO - Orgasm/Rosebud | F108: 3.7ml + 1.1g | G108: Makeup | I108: 840 | K108: 460 | L108: =I108-K108 -> 380 | N108: WHILE STOCK LAST
A109: NARS | B109: N/A | C109: NRS61006 | D109: 194251161006 | E109: NARS EYE SET CLIMAX DUO | F109: 6g (x2) | G109: Makeup | I109: 980 | K109: 540 | L109: =I109-K109 -> 440 | N109: WHILE STOCK LAST
A110: SOL DE JANEIRO | B110: N/A | C110: SDJ032613 | D110: 810912032613 | E110: SDJ SKC BRAZILIAN BUM BUM JET SET | F110: 50ml+90ml+30ml | G110: Skincare | H110: 30 | I110: 795 | J110: 449.35 | K110: =CEILING(J110,10) -> 450 | L110: =SUM(I110-J110) -> 345.65 | M110: 7 | N110: WHILE STOCK LAST
A111: SOL DE JANEIRO | B111: N/A | C111: SDJ034150 | D111: 810912034150 | E111: SDJ SKC BEIJA FLOR JET SET | F111: 50ml+90ml+30ml | G111: Skincare | H111: 30 | I111: 795 | J111: 449.35 | K111: =CEILING(J111,10) -> 450 | L111: =SUM(I111-J111) -> 345.65 | M111: 7 | N111: WHILE STOCK LAST
A112: SOL DE JANEIRO | B112: N/A | C112: SDJ034730 | D112: 810912034730 | E112: SDJ SKC BOM DIA BRIGHT JET SET NEW | F112: 50ml+90ml+30ml | G112: Skincare | H112: 30 | I112: 795 | J112: 449.35 | K112: =CEILING(J112,10) -> 450 | L112: =SUM(I112-J112) -> 345.65 | M112: 7 | N112: WHILE STOCK LAST
A113: SOL DE JANEIRO | B113: N/A | C113: SDJ840522 | D113: 810196840522 | E113: SDJ SKC HYDRATION 62 JET SET | F113: 4G + 30ml + 100ml | G113: Skincare | H113: 30 | I113: 795 | J113: 449.35 | K113: =CEILING(J113,10) -> 450 | L113: =SUM(I113-J113) -> 345.65 | M113: 7 | N113: WHILE STOCK LAST
A114: SOL DE JANEIRO | B114: FEMALE | C114: SDJ037090 | D114: 810912037090 | E114: SDJ FRA CHEIROSA '91 MIST 90ML | F114: 90ml | G114: Fragrance | H114: 30 | I114: 610 | J114: 344.78 | K114: =CEILING(J114,10) -> 350 | L114: =SUM(I114-J114) -> 265.22 | M114: 7 | N114: WHILE STOCK LAST
A115: SOL DE JANEIRO | B115: FEMALE | C115: SDJ039698 | D115: 810912039698 | E115: SDJ FRA DISCOVERY CREAM SET '26 PARF | F115: 25ml x 4 | G115: Skincare | H115: 60 | I115: 765 | J115: 465.65 | K115: =CEILING(J115,10) -> 470 | L115: =SUM(I115-J115) -> 299.35 | M115: 7 | N115: LIMITED UNITS AVAILABLE | O115: Only 60 in stock ( limited item)
A116: ELEMIS | B116: FEMALE | C116: EL50152 | D116: 641628601875 | E116: ELEMIS PRO-COLLAGEN CLEANSING BALM 100G | F116: 100G | G116: Skincare | H116: 10 | I116: 1225 | J116: =I116/1.15*0.6 -> 639.13043 | K116: =CEILING(J116,10) -> 640 | L116: =SUM(I116-J116) -> 585.86957 | M116: 7 | N116: In Stock
A117: ELEMIS | B117: FEMALE | C117: EL50128 | D117: 641628401796 | E117: ELEMIS PRO-COLLAGEN ROSE CLEANSING BALM 100G | F117: 100G | G117: Skincare | H117: 10 | I117: 1225 | J117: =I117/1.15*0.6 -> 639.13043 | K117: =CEILING(J117,10) -> 640 | L117: =SUM(I117-J117) -> 585.86957 | M117: 7 | N117: In Stock
A118: ELEMIS | B118: FEMALE | C118: EL60175 | D118: 641628601752 | E118: ELEMIS PRO-COLLAGEN BLACK CHERRY CLEANSING BALM 100G | F118: 100G | G118: Skincare | H118: 10 | I118: 1225 | J118: =I118/1.15*0.6 -> 639.13043 | K118: =CEILING(J118,10) -> 640 | L118: =SUM(I118-J118) -> 585.86957 | M118: 7 | N118: In Stock
A119: ELEMIS | B119: FEMALE | C119: EL60115 | D119: 641628601158 | E119: ELEMIS PRO-COLLAGEN BODY CLEANSING BALM 300ML | F119: 300ml | G119: Body care | H119: 10 | I119: 1145 | J119: =I119/1.15*0.6 -> 597.3913 | K119: =CEILING(J119,10) -> 600 | L119: =SUM(I119-J119) -> 547.6087 | M119: 7 | N119: In Stock
A120: ELEMIS | B120: FEMALE | C120: EL70147 | D120: 641628701476 | E120: ELEMIS PRO-COLLAGEN MARINE BODY CREAM 200ML | F120: 200ml | G120: Body care | H120: 10 | I120: 1735 | J120: =I120/1.15*0.6 -> 905.21739 | K120: =CEILING(J120,10) -> 910 | L120: =SUM(I120-J120) -> 829.78261 | M120: 7 | N120: In Stock
A121: NARS | B121: FEMALE | C121: NRS70085 | D121: 607845070085 | E121: NARS CLIMAX MASCARA - EXPLICIT BLACK | F121: 6G | G121: Makeup | I121: 690 | K121: 380 | L121: =I121-K121 -> 310
A122: NARS | B122: FEMALE | C122: NRS36042 | D122: 194251136042 | E122: NARS LIGHT REFLECTING HYDRATING PRIMER | F122: 30ml | G122: Makeup | I122: 1030 | K122: 560 | L122: =I122-K122 -> 470
A123: NARS | B123: FEMALE | C123: NRS39944 | D123: 194251139944 | E123: NARS LIGHT REFLECTING SETTING MIST | F123: 90ml | G123: Makeup | I123: 905 | K123: 500 | L123: =I123-K123 -> 405
A124: NARS | B124: FEMALE | C124: NRS46287 | D124: 194251146287 | E124: NARS THE MULTIPLE - DOLCE VITA | F124: 8G | G124: Makeup | I124: 1030 | K124: 560 | L124: =I124-K124 -> 470
